| TOP OF THE 1ST |
|
Biloxi Shuckers batting - Pitching for Mobile BayBears : LHP Elliot Ziemba
|
|
Pitching: LHP Elliot Ziemba
|
|
|
Batting: RHB Logan Morgan
|
0-0: Ball 1-0: Swinging Strike 1-1: Swinging Strike 1-2: Strikes out swinging
|
|
Batting: RHB Matthew Adams
|
0-0: Ball 1-0: Called Strike 1-1: Ball 2-1: Ground out 5-3 (Groundball, 56, EV 92.5 MPH)
|
|
Batting: SHB Jamel Wright
|
0-0: Called Strike 0-1: Ground out 6-3 (Groundball, 6, EV 100.0 MPH)
|
| Top of the 1st over - 0 runs, 0 hits, 0 errors, 0 left on base; Biloxi 0 - Mobile 0 |
| BOTTOM OF THE 1ST |
|
Mobile BayBears batting - Pitching for Biloxi Shuckers : RHP Brett Rosinsky
|
|
Pitching: RHP Brett Rosinsky
|
|
|
Batting: LHB Steve Reinhart
|
0-0: Ball 1-0: Called Strike 1-1: Swinging Strike 1-2: Foul Ball, location: 2F 1-2: Ball 2-2: Ball 3-2: Base on Balls
|
|
Batting: SHB Salvador Aragon
|
0-0: Swinging Strike 0-1: Ball 1-1: Ball 2-1: Fly out, F6 (Flyball, 6D, EV 87.5 MPH)
|
|
Batting: RHB Katilimomi Kelekolio
|
0-0: Ball 1-0: Ball 2-0: Called Strike 2-1: Swinging Strike 2-2: Foul Ball, location: 2F 2-2: Foul Ball, location: 2F 2-2: Foul Ball, location: 2F 2-2: Fielders Choice at 2nd, 4-6 (Groundball, 4, EV 104.4 MPH)
|
|
Batting: RHB Andy Swaim
|
0-0: Called Strike Katilimomi Kelekolio steals 2nd base 0-1: Ground out 5-3 (Groundball, 5S, EV 69.4 MPH)
|
| Bottom of the 1st over - 0 runs, 0 hits, 0 errors, 1 left on base; Biloxi 0 - Mobile 0 |
| TOP OF THE 2ND |
|
Biloxi Shuckers batting - Pitching for Mobile BayBears : LHP Elliot Ziemba
|
|
Batting: RHB Tim Lively
|
0-0: Called Strike 0-1: Ball 1-1: Ground out 5-3 (Groundball, 56, EV 86.9 MPH)
|
|
Batting: RHB Mike Ball
|
0-0: Called Strike 0-1: Foul Ball, location: 2F 0-2: Fly out, F4 (Line Drive, 4, EV 75.0 MPH)
|
|
Batting: RHB Carlos Salazar
|
0-0: Called Strike 0-1: Fly out, F9 (Flyball, 9S, EV 89.4 MPH)
|
| Top of the 2nd over - 0 runs, 0 hits, 0 errors, 0 left on base; Biloxi 0 - Mobile 0 |
| BOTTOM OF THE 2ND |
|
Mobile BayBears batting - Pitching for Biloxi Shuckers : RHP Brett Rosinsky
|
|
Batting: RHB John Gray
|
0-0: Called Strike 0-1: Called Strike 0-2: Ball 1-2: Strikes out swinging
|
|
Batting: LHB Bobby Arevalo
|
0-0: Fly out, F8 (Flyball, 8RXD, EV 103.1 MPH)
|
|
Batting: LHB Rick Roemer
|
0-0: Called Strike 0-1: Foul Ball, location: 2F 0-2: SINGLE (Groundball, 6M, EV 103.1 MPH)
|
|
Batting: LHB Josh Gottlieb
|
0-0: Ball 1-0: Called Strike 1-1: Called Strike 1-2: Fly out, F7 (Flyball, 78M, EV 81.9 MPH)
|
| Bottom of the 2nd over - 0 runs, 1 hit, 0 errors, 1 left on base; Biloxi 0 - Mobile 0 |
| TOP OF THE 3RD |
|
Biloxi Shuckers batting - Pitching for Mobile BayBears : LHP Elliot Ziemba
|
|
Batting: RHB Eric Sullivan
|
0-0: Called Strike 0-1: Foul Ball, location: 2F 0-2: Ball 1-2: Foul Ball, location: 2F 1-2: Strikes out looking
|
|
Batting: RHB Nick Spiller
|
0-0: Swinging Strike 0-1: Ball 1-1: Ball 2-1: Foul Ball, location: 2F 2-2: Fly out, F9 (Flyball, 9D, EV 100.6 MPH)
|
|
Batting: RHB Aaron Lind
|
0-0: DOUBLE (Flyball, 8LXD, EV 108.1 MPH)
|
|
Batting: RHB Logan Morgan
|
0-0: Ball 1-0: Foul Ball, location: 2F 1-1: SINGLE (Groundball, P, EV 83.1 MPH) (infield hit) Aaron Lind to third
|
|
Batting: RHB Matthew Adams
|
0-0: Ball 1-0: Ball 2-0: Foul Ball, location: 2F 2-1: Ball 3-1: Fielders Choice at 2nd, 6-4 (Groundball, 6, EV 86.9 MPH)
|
| Top of the 3rd over - 0 runs, 2 hits, 0 errors, 2 left on base; Biloxi 0 - Mobile 0 |
| BOTTOM OF THE 3RD |
|
Mobile BayBears batting - Pitching for Biloxi Shuckers : RHP Brett Rosinsky
|
|
Batting: RHB Dustin Legault
|
0-0: Ball 1-0: Swinging Strike 1-1: Called Strike 1-2: Ball 2-2: Ball 3-2: Strikes out swinging
|
|
Batting: LHB Steve Reinhart
|
0-0: Ball 1-0: Fly out, F8 (Flyball, 78D, EV 105.0 MPH)
|
|
Batting: SHB Salvador Aragon
|
0-0: Ball 1-0: Foul Ball, location: 2F 1-1: Ball 2-1: Ball 3-1: Base on Balls
|
|
Batting: RHB Katilimomi Kelekolio
|
0-0: Called Strike 0-1: Foul Ball, location: 2F 0-2: Ball 1-2: Ball 2-2: Ball 3-2: SINGLE (Groundball, 34D, EV 95.0 MPH) Salvador Aragon to second Salvador Aragon to third
|
|
Batting: RHB Andy Swaim
|
0-0: Called Strike Katilimomi Kelekolio steals 2nd base (no throw) 0-1: Ground out 3-1 (Groundball, 34, EV 106.9 MPH)
|
| Bottom of the 3rd over - 0 runs, 1 hit, 0 errors, 2 left on base; Biloxi 0 - Mobile 0 |
| TOP OF THE 4TH |
|
Biloxi Shuckers batting - Pitching for Mobile BayBears : LHP Elliot Ziemba
|
|
Batting: SHB Jamel Wright
|
0-0: Ball 1-0: Ground out 5-3 (Groundball, 56, EV 95.0 MPH)
|
|
Batting: RHB Tim Lively
|
0-0: Foul Ball, location: 2F 0-1: Foul Ball, location: 2F 0-2: Ball 1-2: Ball 2-2: Ball 3-2: Foul Ball, location: 2F 3-2: Fly out, F9 (Flyball, 9, EV 92.5 MPH)
|
|
Batting: RHB Mike Ball
|
0-0: Called Strike 0-1: Ball 1-1: Ground out 6-3 (Groundball, 6, EV 102.5 MPH)
|
| Top of the 4th over - 0 runs, 0 hits, 0 errors, 0 left on base; Biloxi 0 - Mobile 0 |
| BOTTOM OF THE 4TH |
|
Mobile BayBears batting - Pitching for Biloxi Shuckers : RHP Brett Rosinsky
|
|
Batting: RHB John Gray
|
0-0: Ground out 4-3 (Groundball, 4S, EV 72.5 MPH)
|
|
Batting: LHB Bobby Arevalo
|
0-0: Called Strike 0-1: Swinging Strike 0-2: Ball 1-2: Strikes out swinging
|
|
Batting: LHB Rick Roemer
|
0-0: Called Strike 0-1: Foul Ball, location: 2F 0-2: Foul Ball, location: 2F 0-2: Foul Ball, location: 2F 0-2: Foul Ball, location: 2F 0-2: Ball 1-2: Ball 2-2: Ball 3-2: Foul Ball, location: 2F 3-2: Fly out, F7 (Flyball, 78S, EV 86.9 MPH)
|
| Bottom of the 4th over - 0 runs, 0 hits, 0 errors, 0 left on base; Biloxi 0 - Mobile 0 |
| TOP OF THE 5TH |
|
Biloxi Shuckers batting - Pitching for Mobile BayBears : LHP Elliot Ziemba
|
|
Batting: RHB Carlos Salazar
|
0-0: Ball 1-0: Swinging Strike 1-1: Fly out, F8 (Flyball, 8RM, EV 89.4 MPH)
|
|
Batting: RHB Eric Sullivan
|
0-0: Ball 1-0: Ball 2-0: Ball 3-0: Base on Balls
|
|
Batting: RHB Nick Spiller
|
0-0: Called Strike Eric Sullivan steals 2nd, throwing error, E2 Eric Sullivan to third 0-1: Ball 1-1: SINGLE (Groundball, 6M, EV 84.4 MPH) (infield hit) Eric Sullivan scores
|
|
Batting: RHB Aaron Lind
|
0-0: Ball 1-0: Ball 2-0: Ball 3-0: Called Strike 3-1: Swinging Strike 3-2: Strikes out swinging Nick Spiller steals 2nd, throwing error, E2 Nick Spiller to third
|
|
Batting: RHB Logan Morgan
|
0-0: Ball 1-0: Foul Ball, location: 2F 1-1: Ball 2-1: SINGLE (Groundball, 56D, EV 99.4 MPH) Nick Spiller scores
|
|
Batting: RHB Matthew Adams
|
0-0: Ball 1-0: Swinging Strike 1-1: Ball 2-1: Ball 3-1: Called Strike 3-2: Fly out, F7 (Flyball, 78S, EV 85.6 MPH)
|
| Top of the 5th over - 2 runs, 2 hits, 2 errors, 1 left on base; Biloxi 2 - Mobile 0 |
| BOTTOM OF THE 5TH |
|
Mobile BayBears batting - Pitching for Biloxi Shuckers : RHP Brett Rosinsky
|
|
Batting: LHB Josh Gottlieb
|
0-0: SINGLE (Flyball, 89S, EV 93.8 MPH)
|
|
Batting: RHB Dustin Legault
|
0-0: Ball 1-0: Called Strike 1-1: Ball 2-1: Ball 3-1: Foul Ball, location: 2F 3-2: Grounds into double play, 5-4-3 (Groundball, 5L, EV 98.1 MPH)
|
|
Batting: LHB Steve Reinhart
|
0-0: Ball 1-0: Ball 2-0: Ball 3-0: Base on Balls
|
|
Batting: SHB Salvador Aragon
|
0-0: Ball Steve Reinhart is caught stealing 2nd base 2-6
|
| Bottom of the 5th over - 0 runs, 1 hit, 0 errors, 0 left on base; Biloxi 2 - Mobile 0 |
| TOP OF THE 6TH |
|
Biloxi Shuckers batting - Pitching for Mobile BayBears : LHP Elliot Ziemba
|
|
Batting: SHB Jamel Wright
|
0-0: Ball 1-0: Ground out 3-1 (Groundball, 34S, EV 90.6 MPH)
|
|
Batting: RHB Tim Lively
|
0-0: Ball 1-0: Ground out U3 (Groundball, 34S, EV 81.3 MPH)
|
|
Batting: RHB Mike Ball
|
0-0: Swinging Strike 0-1: Foul Ball, location: 2F 0-2: Strikes out swinging
|
| Top of the 6th over - 0 runs, 0 hits, 0 errors, 0 left on base; Biloxi 2 - Mobile 0 |
| BOTTOM OF THE 6TH |
|
Mobile BayBears batting - Pitching for Biloxi Shuckers : RHP Brett Rosinsky
|
|
Batting: SHB Salvador Aragon
|
0-0: Ball 1-0: Called Strike 1-1: Foul Ball, location: 2F 1-2: Foul Ball, location: 2F 1-2: Ball 2-2: Ball 3-2: Ground out 6-3 (Groundball, 6, EV 85.0 MPH)
|
|
Batting: RHB Katilimomi Kelekolio
|
0-0: Called Strike 0-1: Swinging Strike 0-2: Ball 1-2: Ball 2-2: Strikes out swinging
|
|
Batting: RHB Andy Swaim
|
0-0: Called Strike 0-1: Ball 1-1: Swinging Strike 1-2: Ball 2-2: SINGLE (Groundball, 3D, EV 105.6 MPH)
|
|
Pitching: LHP Nate Tate
|
|
|
Batting: RHB John Gray
|
0-0: Ball 1-0: Foul Ball, location: 2F 1-1: Ball 2-1: Ball 3-1: Fly out, F9 (Line Drive, 9, EV 90.0 MPH)
|
| Bottom of the 6th over - 0 runs, 1 hit, 0 errors, 1 left on base; Biloxi 2 - Mobile 0 |
| TOP OF THE 7TH |
|
Biloxi Shuckers batting - Pitching for Mobile BayBears : LHP Elliot Ziemba
|
|
Batting: RHB Carlos Salazar
|
0-0: Foul Ball, location: 2F 0-1: Ball 1-1: Called Strike 1-2: Foul Ball, location: 2F 1-2: Foul Ball, location: 2F 1-2: Foul Ball, location: 2F 1-2: Ball 2-2: Foul Ball, location: 2F 2-2: Ball 3-2: DOUBLE (Flyball, 8LXD, EV 108.1 MPH)
|
|
Batting: RHB Eric Sullivan
|
0-0: Intentional Walk
|
|
Pitching: RHP Ruben Vazquez
|
|
|
Batting: RHB Nick Spiller
|
0-0: Called Strike 0-1: Swinging Strike 0-2: Ball 1-2: Foul Ball, location: 2F 1-2: Strikes out swinging
|
|
Batting: RHB Aaron Lind
|
0-0: Ball Carlos Salazar steals 3rd base Eric Sullivan to second 1-0: Ball 2-0: Fly out, F9 (Flyball, 9S, EV 95.6 MPH)
|
|
Batting: RHB Logan Morgan
|
0-0: Called Strike 0-1: Ball 1-1: Ball 2-1: Ball 3-1: Ground out 5-3 (Groundball, 56, EV 103.1 MPH)
|
| Top of the 7th over - 0 runs, 1 hit, 0 errors, 2 left on base; Biloxi 2 - Mobile 0 |
| BOTTOM OF THE 7TH |
|
Mobile BayBears batting - Pitching for Biloxi Shuckers : LHP Nate Tate
|
|
Batting: LHB Bobby Arevalo
|
0-0: Called Strike 0-1: Swinging Strike 0-2: Ball 1-2: Foul Ball, location: 2F 1-2: Ball 2-2: Ball 3-2: Strikes out swinging
|
|
Batting: LHB Rick Roemer
|
0-0: Ball 1-0: Called Strike 1-1: Ball 2-1: Foul Ball, location: 2F 2-2: Ground out U3 (Groundball, 34, EV 95.0 MPH)
|
|
Batting: LHB Josh Gottlieb
|
0-0: Called Strike 0-1: Ball 1-1: Ball 2-1: Ball 3-1: Base on Balls
|
|
Batting: RHB Dustin Legault
|
0-0: Called Strike Josh Gottlieb steals 2nd base 0-1: Called Strike 0-2: Ball 1-2: Fly out, F6 (Line Drive, 6, EV 73.1 MPH)
|
| Bottom of the 7th over - 0 runs, 0 hits, 0 errors, 1 left on base; Biloxi 2 - Mobile 0 |
| TOP OF THE 8TH |
|
Biloxi Shuckers batting - Pitching for Mobile BayBears : RHP Ruben Vazquez
|
|
Batting: RHB Matthew Adams
|
0-0: Called Strike 0-1: Ground out 6-3 (Groundball, 6, EV 90.0 MPH)
|
|
Batting: SHB Jamel Wright
|
0-0: Ball 1-0: Swinging Strike 1-1: Ball 2-1: Ball 3-1: Base on Balls
|
|
Batting: RHB Tim Lively
|
0-0: Called Strike 0-1: Ball 1-1: Ball 2-1: Foul Ball, location: 2F 2-2: Foul Ball, location: 2F 2-2: Foul Ball, location: 2F 2-2: Ball 3-2: Grounds into double play, 6-4-3 (Groundball, 6, EV 86.9 MPH)
|
| Top of the 8th over - 0 runs, 0 hits, 0 errors, 0 left on base; Biloxi 2 - Mobile 0 |
| BOTTOM OF THE 8TH |
|
Mobile BayBears batting - Pitching for Biloxi Shuckers : LHP Nate Tate
|
|
Pitching: RHP Austin Trzcinski
|
|
|
Batting: LHB Steve Reinhart
|
0-0: Foul Ball, location: 2F 0-1: Foul Ball, location: 2F 0-2: Ball 1-2: Fly out, F8 (Flyball, 8LXD, EV 104.4 MPH)
|
|
Batting: SHB Salvador Aragon
|
0-0: Ball 1-0: Ball 2-0: Ball 3-0: Called Strike 3-1: Called Strike 3-2: Base on Balls
|
|
Batting: RHB Katilimomi Kelekolio
|
0-0: Ball 1-0: Ball 2-0: Ball 3-0: Base on Balls Salvador Aragon to second
|
|
Pitching: LHP Trevor Sharp
|
|
|
Batting: RHB Andy Swaim
|
0-0: Foul Ball, location: 2F 0-1: Ball 1-1: Ball 2-1: Called Strike 2-2: Ball 3-2: Base on Balls Salvador Aragon to third Katilimomi Kelekolio to second
|
|
Batting: RHB John Gray
|
0-0: Called Strike 0-1: Ball 1-1: SINGLE (Groundball, 3, EV 98.1 MPH) (infield hit) Salvador Aragon scores Katilimomi Kelekolio to third Andy Swaim to second
|
|
Batting: LHB Bobby Arevalo
|
0-0: Swinging Strike 0-1: Foul Ball, location: 2F 0-2: Ball 1-2: Strikes out swinging
|
|
Batting: LHB Rick Roemer
|
0-0: Ball 1-0: Ball 2-0: Foul Ball, location: 2F 2-1: Ball 3-1: Foul Ball, location: 2F 3-2: Strikes out looking
|
| Bottom of the 8th over - 1 run, 1 hit, 0 errors, 3 left on base; Biloxi 2 - Mobile 1 |
| TOP OF THE 9TH |
|
Biloxi Shuckers batting - Pitching for Mobile BayBears : RHP Ruben Vazquez
|
|
Batting: RHB Mike Ball
|
0-0: Foul Ball, location: 2F 0-1: Ground out 1-3 (Groundball, 34S, EV 66.3 MPH)
|
|
Batting: RHB Carlos Salazar
|
0-0: Ball 1-0: Ball 2-0: Foul Ball, location: 2F 2-1: Foul Ball, location: 2F 2-2: Ball 3-2: Ground out 6-3 (Groundball, 6, EV 96.9 MPH)
|
|
Batting: RHB Eric Sullivan
|
0-0: Called Strike 0-1: Ball 1-1: Ball 2-1: Ball 3-1: Base on Balls
|
|
Batting: RHB Nick Spiller
|
0-0: Foul Ball, location: 2F 0-1: Ball 1-1: Foul Ball, location: 2F 1-2: Ball Eric Sullivan steals 2nd, throwing error, E2 Eric Sullivan to third 2-2: Strikes out swinging
|
| Top of the 9th over - 0 runs, 0 hits, 1 error, 1 left on base; Biloxi 2 - Mobile 1 |
| BOTTOM OF THE 9TH |
|
Mobile BayBears batting - Pitching for Biloxi Shuckers : LHP Trevor Sharp
|
|
Pitching: RHP Nick Butler
|
|
|
Batting: LHB Josh Gottlieb
|
0-0: Called Strike 0-1: Swinging Strike 0-2: Strikes out looking
|
|
Pinch Hitting: RHB Omar Arroyo
|
0-0: Called Strike 0-1: Ball 1-1: Ground out 2-3 (Groundball, 13S, EV 70.0 MPH)
|
|
Batting: LHB Steve Reinhart
|
0-0: Ball 1-0: Called Strike 1-1: Swinging Strike 1-2: Foul Ball, location: 2F 1-2: Foul Ball, location: 2F 1-2: Ground out 6-3 (Groundball, 6, EV 84.4 MPH)
|
| Bottom of the 9th over - 0 runs, 0 hits, 0 errors, 0 left on base; Biloxi 2 - Mobile 1 |
|